 Dungeon Crawl Stone Soup version 0.27.1-33-g824d729ab1 (webtiles) character file.

Game seed: 9053397016744991849

51346 DemonSlayer the Cleaver (level 14, -10/113 HPs)
             Began as a Demonspawn Berserker on Dec 27, 2021.
             Was a High Priest of Trog.
             Mangled by a sixfirhy (12 damage)
             ... on level 2 of the Abyss.
             The game lasted 01:14:48 (37645 turns).

DemonSlayer the Cleaver (Demonspawn Berserker)     Turns: 37645, Time: 01:14:48

Health: -10/113    AC: 24    Str: 23    XL:     14   Next: 23%
Magic:  14/14      EV:  9    Int:  8    God:    Trog [*****.]
Gold:   1643       SH:  0    Dex: 15    Spells: 13/13 levels left

rFire    . . .     SeeInvis +   i - +4 broad axe
rCold    . . .     Faith    +   (no shield)
rNeg     . . .     Spirit   .   K - +3 plate armour
rPois    +         Reflect  .   (helmet unavailable)
rElec    .         Harm     .   u - +2 cloak {rCorr}
rCorr    +         Rampage  .   F - +0 pair of gloves
Will     +....                  w - +0 pair of boots
Stlth    ..........             y - amulet of faith
HPRegen  0.00/turn              a - ring of poison resistance
MPRegen  0.14/turn              G - ring of resist corrosion

@: about to teleport, on berserk cooldown, mildly diseased, slowed, very slow
A: antennae 3, thin skeletal structure 1, demonic guardian 3, powered by pain 1,
talons 1
a: Renounce Religion, Berserk, Trog's Hand, Brothers in Arms


You were on level 2 of the Abyss.
You worshipped Trog.
Trog was extremely pleased with you.
You visited 3 branches of the dungeon, and saw 21 of its levels.
You visited the Abyss 1 time.
You also visited: Sewer.

You collected 1643 gold pieces.

Inventory:

Hand Weapons
 f - a +2 hand axe of flaming
 i - a +4 broad axe (weapon)
 H - a +0 war axe
Missiles
 D - 10 boomerangs (quivered)
Armour
 u - a +2 cloak of preservation (worn)
 w - a +0 pair of boots (worn)
 F - a +0 pair of gloves (worn)
 K - a +3 plate armour (worn)
Jewellery
 a - a ring of poison resistance (left hand)
 y - an amulet of faith (around neck)
 E - the ring "Qydghe" {Fire rCorr Int-4 Dex+2}
   (You found it on level 11 of the Dungeon)

   [ring of fire]

   It enhances your fire magic.
   Int:       It affects your intelligence (-4).
   Dex:       It affects your dexterity (+2).
   rF:        It protects you from fire.
   rC:        It makes you vulnerable to cold.
   rCorr:     It protects you from acid and corrosion.
 G - a ring of resist corrosion (right hand)
Wands
 b - a wand of polymorph (28)
 e - a wand of mindburst (11)
 h - a wand of digging (12)
 j - a wand of acid (18)
 k - a wand of flame (65)
 o - a wand of charming (9)
 s - a wand of iceblast (27)
 v - a wand of paralysis (7)
Scrolls
 c - a scroll of identify
 d - a scroll of fog
 l - a scroll of teleportation
 B - 3 scrolls of magic mapping
Potions
 g - a potion of might
 m - 2 potions of magic
 x - a potion of cancellation
 A - 2 potions of flight
Miscellaneous
 t - a tin of tremorstones (2/2)


   Skills:
 + Level 11.1 Fighting
 + Level 14.3 Axes
 + Level 8.2 Throwing
 + Level 11.1 Armour
 + Level 5.9 Dodging
 + Level 3.5 Stealth
 + Level 1.2 Evocations


You had 13 spell levels left.
You didn't know any spells.
Your spell library was empty.

Dungeon Overview and Level Annotations

Branches:
Dungeon (13/15)            Temple (0/1) D:4            Lair (6/6) D:11
 Shoals (0/4) Lair:4       Spider (0/4) Lair:4        Slime (0/5) Lair:6
    Orc (2/2) D:11          Sewer (visited)
    Elf: Orc:2       Vaults: D:13-14

Altars:
Cheibriados
Nemelex Xobeh
Okawaru
Uskayaw
Wu Jian
Xom
The Shining One
Beogh

Shops:
Orc:1 *

Annotations:
D:12 Nessos


Innate Abilities, Weirdness & Mutations

You have a pair of large antennae on your head. (SInv)
You have a somewhat thin skeletal structure. (Dex +2, Stealth+)
A powerful demonic guardian rushes to your aid.
You sometimes gain a little power by taking damage.
You have sharp toenails.


Message History

A raiju is nearby!
Something bites your two-headed ogre. Something shocks your two-headed ogre!
Your two-headed ogre is no longer berserk.
Your two-headed ogre hits the raiju with a +0 giant club.
Your two-headed ogre misses the raiju.
A raiju is nearby!
A raiju is nearby!
The raiju bites your two-headed ogre. The raiju shocks your two-headed ogre!
Your lorocyproca closely misses the raiju.
Your two-headed ogre barely misses the raiju.
Your two-headed ogre hits the raiju with a +0 giant spiked club!!
The raiju bites your two-headed ogre but does no damage.
Your lorocyproca hits the raiju!!
The raiju dies!
Trog accepts your kill.
You start resting.
Your two-headed ogre disappears in a puff of smoke!
Your lorocyproca disappears in a puff of smoke!
You sense a monster nearby.
You start resting.
A neqoxec comes into view.
A neqoxec is nearby!
A neqoxec is nearby!
A neqoxec is nearby!
A neqoxec is nearby!
The neqoxec shouts!
The neqoxec gestures at you.
Strange energies course through your body.
Your toenails lengthen and sharpen.
Things that are here:
a +1 scythe of venom; a raiju corpse A lurking horror comes into view.
As you read the scroll of teleportation, it crumbles to dust.
You feel strangely unstable.
You feel the power of the Abyss delaying your translocation!
A sixfirhy comes into view.
A raiju comes into view.
The sixfirhy hits you.
* * * LOW HITPOINT WARNING * * *
A demonic guardian appears!
The sixfirhy shocks you!
You die...

# { { { .# ##
###### #..#
#.
###.@#.#*#..#
#. ###.32.#
#.
#..3###....#
.## .##ยง...#
{....
.#.#.##.#
h.#. { .
##.#.....#
..# #
#.......# #.
# ## .#..#.#
.{# ..###


You could see a sixfirhy (ally target), a neqoxec and a friendly reaper
(summoned).

Vanquished Creatures
  Rupert (Lair:4)
  Snorg (Lair:4)
  8 hydras
  A centaur warrior (D:13)
  A two-headed ogre (D:11)
  A sun demon (Abyss:2)
  A spatial maelstrom (Abyss:2)
  A lindwurm (Lair:6)
  2 ugly things
  A worldbinder (Abyss:2)
  10 elephants
  2 black mambas
  2 smoke demons (Lair:6)
  10 cane toads
  3 rime drakes (Lair:5)
  Psyche (D:10)
  6 komodo dragons
  An efreet (Abyss:2)
  3 trolls
  2 large abominations (Abyss:2)
  A polar bear (Lair:1)
  A wind drake (Lair:4)
  5 raiju (Abyss:2)
  A slime creature (D:11)
  A dream sheep (Lair:2)
  14 blink frogs
  Sigmund (D:5)
  2 shadows
  11 small abominations
  33 yaks
  A wyvern (Lair:5)
  3 wraiths
  5 basilisks
  A steam dragon (D:9)
  5 vampire mosquitoes
  2 chaos spawn (Lair:6)
  3 spatial vortices (Abyss:2)
  A warg (Orc:1)
  Duvessa (D:4)
  An acid dragon (D:9)
  9 water moccasins
  11 orc warriors
  2 black bears
  An ice beast (D:8)
  2 sky beasts
  3 ogres
  27 wolves
  A necrophage (D:6)
  A phantom (D:6)
  3 centaurs
  A kobold brigand (D:8)
  Blork the orc (D:4)
  8 bullfrogs
  2 scorpions
  Dowan (D:4)
  A water moccasin skeleton (D:7)
  2 howler monkeys (D:10)
  4 wights (D:9)
  4 electric eels (Lair:4)
  2 bullfrog zombies
  3 centaur zombies
  11 orc priests
  A centaur skeleton (D:6)
  4 jellies
  Crazy Yiuf (D:5)
  4 iguanas
  An iron imp (D:7)
  10 orc wizards
  2 howler monkey zombies
  Robin (D:4)
  3 river rats
  7 adders
  2 shadow imps
  3 white imps
  An ufetubus (D:6)
  An adder skeleton (D:4)
  A worm (D:2)
  3 dart slugs
  49 orcs
  10 ball pythons
  11 endoplasms
  3 giant cockroaches
  15 goblins
  7 hobgoblins
  4 quokkas
  4 bats
  8 frilled lizards
  11 kobolds
  15 rats
433 creatures vanquished.

Vanquished Creatures (collateral kills)
  A reaper (Abyss:2)
  A centaur warrior (D:13)
  A spatial maelstrom (Abyss:2)
  A manticore (Lair:4)
  2 cyclopes
  An elephant (Lair:4)
  2 cane toads
  An unseen horror (D:11)
  An ancient zyme (Abyss:2)
  A meliai (D:13)
  5 blink frogs
  A polar bear (Lair:2)
  A raiju (Abyss:2)
  A yak (D:10)
  2 spatial vortices (Abyss:2)
  A vampire mosquito (D:11)
  A neqoxec (Abyss:2)
  3 large abominations
  6 orc warriors
  2 ogres
  10 wolves
  5 centaurs (D:11)
  3 small abominations
  A kobold brigand (D:8)
  A wyvern skeleton (D:6)
  A centaur zombie (D:9)
  2 starcursed masses (Abyss:2)
  2 jellies (Lair:6)
  3 orc priests
  An orc wizard (D:10)
  An adder (Sewer)
  An ufetubus (Abyss:2)
  3 orcs
  An endoplasm (Lair:6)
  A frilled lizard (D:3)
  3 kobolds (D:8)
74 creatures vanquished.

Vanquished Creatures (others)
  Erica (D:11)
  An orc wizard (D:11)
  An orc (D:11)
  61 fungi
  65 plants
129 creatures vanquished.

Grand Total: 636 creatures vanquished

Notes
Turn   | Place    | Note
-------+----------+-------------------------------------------
     0 | D:1      | DemonSlayer the Demonspawn Berserker began the quest for
                  | the Orb.
     0 | D:1      | Reached XP level 1. HP: 18/18 MP: 1/1
   357 | D:1      | Reached skill level 3 in Axes
   459 | D:1      | Gained mutation: A weak demonic guardian rushes to your
                  | aid. [demonic ancestry]
   459 | D:1      | Reached XP level 2. HP: 14/24 MP: 2/2
   697 | D:1      | Found a faded altar of an unknown god.
  1810 | D:2      | Reached XP level 3. HP: 29/29 MP: 3/3
  3680 | D:3      | Reached skill level 1 in Throwing
  3680 | D:3      | Gained mutation: You have a pair of small antennae on your
                  | head. [demonic ancestry]
  3680 | D:3      | Reached XP level 4. HP: 35/35 MP: 4/4
  3719 | D:3      | Reached ** piety under Trog
  3934 | D:3      | Found a glowing drain.
  3944 | Sewer    | Entered a sewer
  4096 | Sewer    | Gained mutation: You have a pair of antennae on your head.
                  | [demonic ancestry]
  4096 | Sewer    | Reached XP level 5. HP: 40/41 MP: 5/5
  4138 | Sewer    | Reached skill level 4 in Axes
  6126 | D:4      | Noticed Robin
  6139 | D:4      | Reached *** piety under Trog
  6144 | D:4      | Killed Robin
  6471 | D:4      | Noticed Duvessa
  6473 | D:4      | Noticed Dowan
  6487 | D:4      | Killed Duvessa
  6488 | D:4      | Reached XP level 6. HP: 31/48 MP: 6/6
  6496 | D:4      | Killed Dowan
  6757 | D:4      | Found a staircase to the Ecumenical Temple.
  6794 | D:4      | Reached skill level 1 in Stealth
  7024 | D:4      | Noticed Blork the orc
  7033 | D:4      | Killed Blork the orc
  7034 | D:4      | Reached skill level 5 in Axes
  7034 | D:4      | Gained mutation: You have a pair of large antennae on your
                  | head. (SInv) [demonic ancestry]
  7034 | D:4      | Reached XP level 7. HP: 34/54 MP: 7/7
  7367 | D:5      | Entered Level 5 of the Dungeon
  8200 | D:5      | Noticed Sigmund
  8218 | D:5      | Killed Sigmund
  8515 | D:5      | Found a runed translucent door.
  8516 | D:5      | Noticed Crazy Yiuf
  8852 | D:5      | Killed Crazy Yiuf
  9138 | D:6      | Gained mutation: A demonic guardian rushes to your aid.
                  | [demonic ancestry]
  9138 | D:6      | Reached XP level 8. HP: 60/61 MP: 8/8
  9583 | D:6      | Reached skill level 6 in Axes
 10295 | D:7      | Reached skill level 5 in Fighting
 10692 | D:7      | Found an ornate altar of the Wu Jian Council.
 10731 | D:7      | Found a shimmering altar of Xom.
 10740 | D:7      | Reached skill level 5 in Armour
 10796 | D:7      | Reached skill level 7 in Axes
 10796 | D:7      | Reached XP level 9. HP: 68/68 MP: 9/9
 11101 | D:7      | Found a snail-covered altar of Cheibriados.
 11153 | D:7      | Found a sparkling altar of Nemelex Xobeh.
 11501 | D:8      | Identified the +0 robe of Ibemnoro {rC++ Will+ Str-3 Dex+3}
 11514 | D:8      | Reached **** piety under Trog
 11548 | D:8      | Reached skill level 8 in Axes
 11897 | D:8      | Identified the +2 mace "Gahobb" {drain, Dex+3}
 12657 | D:8      | Identified the +6 falchion of Ica Los {vorpal, rF+ Dex+4}
 13246 | D:9      | Found an iron altar of Okawaru.
 14064 | D:9      | Gained mutation: You sometimes gain a little power by
                  | taking damage. [demonic ancestry]
 14064 | D:9      | Reached XP level 10. HP: 60/77 MP: 10/10
 14673 | D:10     | Entered Level 10 of the Dungeon
 14761 | D:10     | Noticed Psyche
 14774 | D:10     | Killed Psyche
 14775 | D:10     | Reached skill level 5 in Throwing
 14876 | D:10     | Reached skill level 9 in Axes
 15152 | D:10     | Noticed a brown ugly thing
 15160 | D:10     | Killed a brown ugly thing
 15451 | D:10     | Noticed a six-headed hydra
 15461 | D:10     | Killed a three-headed hydra
 15734 | D:10     | Reached ***** piety under Trog
 16397 | D:10     | Reached skill level 10 in Axes
 16997 | D:11     | Noticed a +0 dagger
 16997 | D:11     | Noticed a +0 dagger
 17038 | D:11     | Noticed a two-headed ogre
 17052 | D:11     | Killed a two-headed ogre
 17053 | D:11     | Reached XP level 11. HP: 83/85 MP: 11/11
 17237 | D:11     | Found a hide-covered altar of Uskayaw.
 17294 | D:11     | Noticed Erica
 17311 | D:11     | Killed Erica
 18073 | D:11     | Found a staircase to the Lair.
 18111 | D:11     | You fall into a shaft and drop 2 floors!
 18145 | D:13     | Noticed a centaur warrior
 18155 | D:13     | Killed a centaur warrior
 18437 | D:13     | Noticed a centaur warrior
 18446 | D:13     | Killed a centaur warrior
 18676 | D:13     | Noticed a tengu warrior
 18953 | D:11     | Found a transporter.
 18973 | D:11     | Found a transporter.
 19021 | D:11     | Found a staircase to the Orcish Mines.
 20198 | D:11     | Identified the ring "Qydghe" {Fire rCorr Int-4 Dex+2}
 20239 | Lair:1   | Entered Level 1 of the Lair of Beasts
 20265 | Lair:1   | Reached skill level 5 in Dodging
 20272 | Lair:1   | Reached skill level 11 in Axes
 20860 | Lair:1   | Noticed an eight-headed hydra
 20866 | Lair:1   | Killed a six-headed hydra
 21583 | Lair:1   | Noticed a six-headed hydra
 21608 | Lair:1   | Killed a two-headed hydra
 22392 | Lair:1   | Identified the +4 dagger of the Bouncing Deaths {drain,
                  | rF++ rCorr Str+3 Int-3}
 23201 | Lair:1   | Gained mutation: You have a somewhat thin skeletal
                  | structure. (Dex +2, Stealth+) [demonic ancestry]
 23201 | Lair:1   | Reached XP level 12. HP: 94/94 MP: 12/12
 23681 | Orc:1    | Entered Level 1 of the Orcish Mines
 24594 | Orc:1    | Found Hohailoe's Overcharged Wands.
 24778 | Orc:1    | Reached skill level 12 in Axes
 25212 | Orc:2    | Entered Level 2 of the Orcish Mines
 25212 | Orc:2    | Noticed an orc high priest
 25251 | D:12     | Noticed Nessos
 25649 | Lair:1   | HP: 3/95 [wolf (8)]
 26993 | Lair:2   | Noticed a four-headed hydra
 27004 | Lair:2   | Killed a one-headed hydra
 27468 | Lair:2   | Noticed a four-headed hydra
 27480 | Lair:2   | Killed a one-headed hydra
 29135 | Lair:4   | Reached skill level 13 in Axes
 29174 | Lair:4   | Found a hole to the Spider Nest.
 29642 | Lair:4   | Noticed a seven-headed hydra
 29655 | Lair:4   | Killed a three-headed hydra
 30327 | Lair:4   | Found a staircase to the Shoals.
 30343 | Lair:4   | Reached skill level 1 in Evocations
 30344 | Lair:4   | Reached XP level 13. HP: 99/102 MP: 13/13
 30705 | Lair:4   | Noticed Snorg
 30726 | Lair:4   | Killed Snorg
 31431 | Lair:4   | Noticed Rupert
 31447 | Lair:4   | Killed Rupert
 31763 | Lair:4   | Reached skill level 10 in Fighting
 32621 | Lair:5   | Identified the +7 flail of Firphaz {holy, rC+ Str+5}
 32726 | Lair:5   | Reached skill level 10 in Armour
 34447 | Lair:6   | Entered Level 6 of the Lair of Beasts
 36225 | Lair:6   | Found a staircase to the Slime Pits.
 36350 | Lair:6   | Received a gift from Trog
 36444 | Lair:6   | Gained mutation: A powerful demonic guardian rushes to your
                  | aid. [demonic ancestry]
 36444 | Lair:6   | Reached XP level 14. HP: 42/111 MP: 14/14
 36877 | Lair:6   | Reached skill level 14 in Axes
 36893 | Lair:6   | Cast into level 2 of the Abyss (spriggan)
 37018 | Abyss:2  | Noticed a balrug
 37074 | Abyss:2  | HP: 5/113 [spatial maelstrom (12)]
 37082 | Abyss:2  | Noticed a starcursed mass
 37595 | Abyss:2  | Noticed a reaper
 37601 | Abyss:2  | Killed a reaper
 37639 | Abyss:2  | Gained mutation: You have sharp toenails. [a neqoxec]
 37645 | Abyss:2  | HP: 2/113 [sixfirhy (4)]
 37645 | Abyss:2  | Mangled by a sixfirhy

Illustrated notes

Levels and vault maps discovered:
D:1:      erik_arrival_cave_to_civilisation [erik_arrival_cave_to_hall],
          layout_basic, hellmonk_ecumenical_altar_defaced_shrine
D:2:      layout_basic
D:3:      layout_basic, portal_sewer_entry_b, serial_glass, glass_columns_a,
          glass_columns_c, glass_columns_c, glass_columns_c,
          chequers_serial_rivers_small_a, chequers_serial_rivers_room_b
D:4:      layout_basic, minmay_temple_entry_glassed_door, uniq_blork_the_orc,
          uniq_robin, uniq_duvessa
D:5:      layout_rooms, serial_co_window_serial, co_window_corner_a,
          co_window_of_opportunity_a, co_window_corner_a, co_window_paths_a,
          co_window_paths_b, co_window_corner_a, co_window_corner_a,
          co_window_broadway_a, co_window_broadway_c, co_window_broadway_c,
          co_window_of_opportunity_c, co_window_corner_b,
          co_window_of_opportunity_c, glass_columns_b, glass_columns_b,
          glass_columns_c, glass_columns_a, glass_columns_a,
          serial_bayou_pond_b, uniq_sigmund, uniq_crazy_yiuf_cottage
D:6:      layout_basic
D:7:      layout_gridville, nicolae_wu_jian_wuxing_cycle,
          nemelex_diamond_rough_becter, lemuel_round_altar, chei_slow_surprise
D:8:      layout_basic, hex_large
D:9:      layout_rooms, overflow_temple_1_default
D:10:     layout_stronghold, tso_oasis_becter, serial_column_ruins,
          column_ruins_hut_water, column_ruins_hut_pillars,
          column_ruins_open_tiny, column_ruins_columns_straight,
          column_ruins_grid_1, column_ruins_grid_1, column_ruins_grid_1,
          column_ruins_grid_4, uniq_psyche
D:11:     gammafunk_worm_tunnel, layout_loops_ring, lair_entry_dummy,
          orc_0_dummy, dancing_weapons_uskayaw, uniq_erica
D:12:     layout_long_grid, minivault_16, minmay_fractal_squares_gapless_5,
          uniq_nessos, uniq_fannar
D:13:     layout_stronghold
Lair:1:   layout_cave_pods
Lair:2:   layout_loops_ring, grunt_forest_large_clearings
Lair:3:   layout_chaotic_city, serial_bayou_lagoon_a, serial_bayou_shore_b,
          grunt_megastairs_1, lemuel_fruit_tree
Lair:4:   layout_cave_pods, minmay_shoals_entry_beasts, dummy_spider_entry,
          serial_bayou_ford_a, beast_lair_carwin_9, serial_bayou_shore_a,
          uniq_rupert, uniq_snorg
Lair:5:   layout_cave_pods, st_stairs_11
Lair:6:   hellmonk_lair_end_abyssal_woods, layout_long_grid,
          nicolae_slime_entry_slimehenge, gammafunk_ghost_cemetery,
          grunt_megastairs_3
Orc:1:    layout_caves, nicolae_shop_overcharged_wands
Orc:2:    grunt_orc_cross, layout_caves, nicolae_shop_self_help, uniq_erolcha
Abyss:2:  base: Lair:5, hangedman_decor_points

Skill      XL: |  1  2  3  4  5  6  7  8  9 10 11 12 13 14 |
---------------+-------------------------------------------+-----
Axes           | 3 4 5 7 8 10 11 13 14 | 14.3
Dodging        | 2 3 4 5 |  5.9
Throwing       | 1 2 3 4 5 6 7 8 |  8.2
Armour         | 2 3 5 6 7 8 9 11 | 11.1
Stealth        | 1 2 3 |  3.5
Fighting       | 4 5 6 7 8 9 10 11 | 11.1
Evocations     | 1 |  1.2

Action                   |  1- 3 |  4- 6 |  7- 9 | 10-12 | 13-15 || total
-------------------------+-------+-------+-------+-------+-------++-------
Melee: Hand axe          |    92 |   146 |   303 |    47 |   389 ||   977
       Battleaxe         |       |       |     7 |   438 |       ||   445
       Broad axe         |       |       |       |       |   120 ||   120
Throw: Dart              |    41 |    36 |    34 |     2 |       ||   113
       Javelin           |       |       |     3 |       |    20 ||    23
       Boomerang         |       |       |     6 |   131 |    68 ||   205
Invok: Berserk           |     5 |     5 |     9 |    29 |    15 ||    63
       Trog's Hand       |       |       |     4 |     3 |       ||     7
       Brothers in Arms  |       |       |     1 |     4 |     4 ||     9
Evoke: Wand              |       |     4 |       |    11 |       ||    15
  Use: Scroll            |     3 |     5 |     8 |    14 |     5 ||    35
       Potion            |       |       |     5 |     5 |    10 ||    20
 Stab: Sleeping          |       |     1 |       |       |       ||     1
       Invisible         |       |       |       |     1 |       ||     1
       Distracted        |       |       |       |     1 |       ||     1
Armor: Animal skin       |    10 |     2 |       |       |       ||    12
       Leather armour    |       |    26 |       |       |       ||    26
       Chain mail        |       |       |   201 |       |       ||   201
       Acid dragon scale |       |       |       |   131 |       ||   131
       Plate armour      |       |       |       |   250 |   263 ||   513
Dodge: Dodged            |    66 |    80 |   149 |   467 |   178 ||   940
